 Dungeon Crawl Stone Soup version 0.25-a0-353-ged6d54792d (webtiles) character file.

Game seed: 9116567144711952054, levelgen mode: deterministic

926 BritishOli the Ducker (level 7, -2/56 HPs)
             Began as a Demonspawn Gladiator on Jan 2, 2020.
             Was a Follower of Okawaru.
             Slain by a wight
             ... wielding a +0 halberd
              (6 damage)
             ... on level 6 of the Dungeon.
             The game lasted 00:03:43 (4224 turns).

BritishOli the Ducker (Demonspawn Gladiator)        Turns: 4224, Time: 00:03:43

Health: -2/56      AC:  6    Str: 16    XL:     7   Next: 85%
Magic:  7/7        EV: 14    Int:  9    God:    Okawaru [*.....]
Gold:   209        SH:  0    Dex: 15    Spells: 6/6 levels left

rFire    . . .     SeeInvis .   a - +0 long sword
rCold    . . .     Gourm    .   (no shield)
rNeg     . . .     Faith    .   b - +0 leather armour
rPois    .         Spirit   .   c - +0 helmet
rElec    .         Reflect  .   (no cloak)
rCorr    .         Harm     .   (no gloves)
MR       .....                  (no boots)
Stlth    +.........             (no amulet)
HPRegen  0.18/turn              t - ring of flight
MPRegen  0.10/turn              v - +5 ring of slaying

@: drained, very slow
A: iridescent scales 1, spiny 2
a: Heroism, Renounce Religion, Evoke Flight


You were on level 6 of the Dungeon.
You worshipped Okawaru.
Okawaru was aware of your devotion.
You were not hungry.

You visited 1 branch of the dungeon, and saw 6 of its levels.

You collected 209 gold pieces.

Inventory:

Hand Weapons
 a - a +0 long sword (weapon)
Missiles
 d - 2 throwing nets (quivered)
Armour
 b - a +0 leather armour (worn)
 c - a +0 helmet (worn)
Jewellery
 t - a ring of flight (left hand)
 v - a +5 ring of slaying (right hand)
Wands
 s - a wand of digging (6)
 u - a wand of disintegration (14)
 y - a wand of random effects (15)
Scrolls
 e - 2 scrolls of immolation {unknown}
 g - 7 scrolls of identify {unknown}
 i - a scroll of enchant weapon {unknown}
 k - 2 scrolls of remove curse {unknown}
 l - 5 scrolls of teleportation {unknown}
 m - 2 scrolls of random uselessness {unknown}
 n - 2 scrolls of fear {unknown}
 r - 2 scrolls of amnesia {unknown}
 w - a scroll of vulnerability {unknown}
 x - a scroll of noise {unknown}
Potions
 h - 3 potions of invisibility {unknown}
 j - a potion of lignification {unknown}
 o - a potion of curing {unknown}
 p - a potion of might {unknown}
 q - a potion of ambrosia {unknown}
Comestibles
 f - 8 rations


   Skills:
 + Level 5.4(4.8) Fighting
 + Level 5.4(4.7) Long Blades
 - Level 2.0(1.4) Throwing
 + Level 5.4(4.7) Dodging


You had 6 spell levels left.
You didn't know any spells.
Your spell library contained the following spells:

 Spells                   Type           Power        Failure   Level  Hunger
 Animate Skeleton         Necr           N/A          45%         1    ##.....
 Pain                     Necr           #...         45%         1    ##.....
 Regeneration             Chrm/Necr      #.........   83%         3    ####...
 Vampiric Draining        Necr           #.........   83%         3    ####...
 Animate Dead             Necr           N/A          99%         4    #####..


Dungeon Overview and Level Annotations

Branches:
Dungeon (6/15)
 Temple: D:4-7

Altars:
Dithmenos
Okawaru

Portals:
Sewer: D:6

Annotations:
D:1 1 runed translucent door


Innate Abilities, Weirdness & Mutations

You are partially covered in iridescent scales. (AC +2)
You are mostly covered in sharp spines.


Message History

A leopard gecko comes into view.
The leopard gecko hisses angrily.
You enter the shallow water.
Moving in this stuff is going to be slow.
A giant cockroach comes into view.
The wight barely misses you.
Your unstable footing causes you to fumble your attack.
The wight barely misses you. The leopard gecko closely misses you.
Your unstable footing causes you to fumble your attack.
The leopard gecko misses you.
The wight hits you from afar with a +0 halberd.
* * * LOW HITPOINT WARNING * * *
You feel drained.
* * * LOW HITPOINT WARNING * * *
You completely miss the leopard gecko.
The leopard gecko is struck by your spines.
You kill the leopard gecko!
Okawaru accepts your kill.
The wight hits you from afar with a +0 halberd.
You die...

########### ####
##.≈≈s≈≈≈≈≈≈ ..#
#..≈@≈≈∩≈≈≈≈ #.#
#.z≈≈≈≈≈≈≈≈≈
#######.####.##########
.........#†..##.# .
#..[..###.!.#.# ##..%.#
.$...# ##.#.###...#.#
#.........# . ###
#####.##.### ..###


You could see a wight and a giant cockroach.

Vanquished Creatures
  A black bear (D:3)
  A phantom (D:6)
  An ogre (D:5)
  A wight (D:5)
  2 crimson imps (D:5)
  A quasit (D:5)
  A hound (D:4)
  5 orc wizards (D:5)
  An iguana (D:5)
  5 worker ants
  8 adders
  4 gnolls
  An ooze (D:3)
  A worm (D:3)
  A dart slug (D:5)
  9 leopard geckos
  9 orcs
  A ball python (D:3)
  11 giant cockroaches
  9 goblins
  3 hobgoblins
  4 jackals (D:2)
  5 quokkas
  7 bats
  4 frilled lizards
  6 kobolds
  A leopard gecko skeleton (D:5)
  7 rats
110 creatures vanquished.

Notes
Turn   | Place    | Note
-------+----------+-------------------------------------------
     0 | D:1      | BritishOli the Demonspawn Gladiator began the quest for the
                  | Orb.
     0 | D:1      | Reached XP level 1. HP: 16/16 MP: 1/1
     1 | D:1      | Found a runed translucent door.
   346 | D:1      | Gained mutation: You are partially covered in sharp spines.
                  | [demonic ancestry]
   346 | D:1      | Reached XP level 2. HP: 22/22 MP: 2/2
  1064 | D:2      | Gained mutation: You are partially covered in iridescent
                  | scales. (AC +2) [demonic ancestry]
  1064 | D:2      | Reached XP level 3. HP: 28/28 MP: 3/3
  1255 | D:2      | Reached XP level 4. HP: 29/34 MP: 4/4
  1927 | D:3      | Noticed a black bear
  1942 | D:3      | Killed a black bear
  1942 | D:3      | Gained mutation: You are mostly covered in sharp spines.
                  | [demonic ancestry]
  1942 | D:3      | Reached XP level 5. HP: 21/41 MP: 5/5
  2624 | D:4      | Reached XP level 6. HP: 47/48 MP: 6/6
  2653 | D:4      | Found an iron altar of Okawaru.
  2704 | D:4      | Became a worshipper of Warmaster Okawaru
  3230 | D:5      | Entered Level 5 of the Dungeon
  3398 | D:5      | Reached XP level 7. HP: 38/55 MP: 7/7
  3425 | D:5      | Reached * piety under Okawaru
  3429 | D:5      | Reached skill level 5 in Long Blades
  3859 | D:5      | Reached skill level 5 in Dodging
  3901 | D:5      | Reached skill level 5 in Fighting
  4183 | D:6      | Found a shadowy altar of Dithmenos.
  4218 | D:6      | Found a glowing drain.
  4224 | D:6      | Slain by a wight

Levels and vault maps discovered:
D:1:      dpeg_arrival_caged_fury, layout_loops_corners,
          minmay_worlds_worst_comb
D:2:      layout_basic, minmay_tromino_i4
D:3:      layout_basic, first_ration, chequers_hall_statues_y
D:4:      kennysheep_big_flooded_room, layout_cave_pods, okawaru_gym_becter
D:5:      layout_basic, minmay_a_box_with_orc_wizards_in_it
D:6:      layout_loops_ring, kennysheep_mini_moat, minmay_temple_entry_wispy,
          basic_altar, portal_sewer_entry_f, serial_shops, shop,
          kennysheep_minor_cross

Skill      XL: |  1  2  3  4  5  6  7 |
---------------+----------------------+-----
Throwing       | 2 |  2.0
Long Blades    | 3 4 5 |  5.4
Dodging        | 3 4 5 |  5.4
Fighting       | 3 4 5 |  5.4

Action                   |  1- 3 |  4- 6 |  7- 9 || total
-------------------------+-------+-------+-------++-------
Melee: Long sword        |    65 |   134 |    55 ||   254
Throw: Throwing net      |       |     2 |       ||     2
 Stab: Sleeping          |     1 |     2 |       ||     3
       Held in net/web   |       |     1 |       ||     1
  Eat: Chunk             |     1 |     7 |       ||     8
       Ration            |       |       |     1 ||     1
Armor: Leather armour    |    23 |    61 |    13 ||    97
Dodge: Dodged            |    53 |    94 |    43 ||   190
       Rpst.: Long sword |    17 |    27 |    15 ||    59

Table legend:
 A = Non-vault XP
 B = Vault XP
 C = Vault XP percentage of total XP
 D = Non-vault monster count
 E = Vault monster count
 F = Vault count percentage of total count
                 A         B        C        D         E       F
            +---------+---------+-------+---------+---------+-------
      Total |    1111 |     212 |  16.0 |      93 |      17 |  15.5
            +---------+---------+-------+---------+---------+-------
        D:1 |      30 |       8 |  21.1 |      11 |       4 |  26.7
        D:2 |      64 |       5 |   7.2 |      24 |       3 |  11.1
        D:3 |     218 |       0 |   0.0 |      30 |       0 |   0.0
        D:4 |     139 |       3 |   2.1 |       6 |       1 |  14.3
        D:5 |     500 |     186 |  27.1 |      19 |       5 |  20.8
        D:6 |     160 |      10 |   5.9 |       3 |       4 |  57.1
            +---------+---------+-------+---------+---------+-------
